 Dungeon Crawl Stone Soup version 0.29-a0-234-g0dae59b3db (webtiles) character file.

Game seed: 7498060465455646530

324 spaghetti the Quickloader (level 6, 37/52 HPs)
             Began as a Deep Dwarf Hunter on Mar 2, 2022.
             Quit the game on level 4 of the Dungeon.
             The game lasted 00:06:09 (2743 turns).

spaghetti the Quickloader (Deep Dwarf Hunter)       Turns: 2743, Time: 00:06:09

Health: 37/52      AC:  4    Str: 17    XL:     6   Next: 23%
Magic:  5/5        EV: 12    Int: 12    God:
Gold:   148        SH:  4    Dex: 19    Spells: 5/5 levels left

rFire   + . .      SeeInvis .   a - +1 hand crossbow (vorpal) {crossbow}
rCold   . . .      Faith    .   f - +0 buckler
rNeg    . . .      Spirit   .   h - +0 leather armour
rPois   .          Reflect  .   (no helmet)
rElec   .          Harm     .   o - +0 cloak
rCorr   .          Rampage  .   (no gloves)
Will    .....                   (no boots)
Stlth   ++........              (no amulet)
HPRegen 0.00/turn               l - +6 ring of dexterity
MPRegen 0.09/turn               m - ring of protection from fire

@: no status effects
A: damage resistance, heal wounds, sense surroundings 1, no regeneration
a: Heal Wounds


You were on level 4 of the Dungeon.
You visited 1 branch of the dungeon, and saw 4 of its levels.

You collected 148 gold pieces.


Innate Abilities, Weirdness & Mutations

You are resistant to damage.
You can heal yourself by infusing magical energy.
You passively map a small area around you.
You do not regenerate.


   Skills:
 - Level 1.7 Fighting
 + Level 8.3 Crossbows
 - Level 2.1 Dodging
 - Level 1.2 Stealth


You had 5 spell levels left.
You didn't know any spells.
Your spell library contained the following spells:

 Spells                   Type           Power      Damage    Failure   Level
 Ignite Poison            Fire/Tmut/Pois 0%         N/A       86%         3
 Mephitic Cloud           Conj/Pois/Air  0%         N/A       86%         3
 Freezing Cloud           Conj/Ice/Air   0%         6-21      100%        5

Inventory:

Hand Weapons
 a - a +1 vorpal hand crossbow (weapon) {crossbow}
 b - a +2 short sword of speed {short}
   (You found it on level 2 of the Dungeon)
 k - a +3 quarterstaff of chaos {staff}
   (You took it off Crazy Yiuf on level 3 of the Dungeon)
Missiles
 c - 60 stones {throwing}
 g - 3 poisoned darts {throwing}
Armour
 e - a +0 kite shield
   (You found it on level 1 of the Dungeon)
 f - a +0 buckler (worn)
   (You found it on level 1 of the Dungeon)
 h - a +0 leather armour (worn)
 o - a +0 cloak (worn)
   (You took it off Crazy Yiuf on level 3 of the Dungeon)
Jewellery
 l - a +6 ring of dexterity (left hand)
   (You found it on level 3 of the Dungeon)
 m - a ring of protection from fire (right hand)
   (You found it on level 3 of the Dungeon)
Wands
 j - a wand of mindburst (15)
   (You found it on level 2 of the Dungeon)
Scrolls
 d - a scroll of vulnerability {!r!r}
 i - a scroll of fog
Potions
 n - a potion of curing {@q1}
 p - a potion of ambrosia {unknown}

Dungeon Overview and Level Annotations

Branches:
Dungeon (4/15)
 Temple: D:4-7

Altars:

####.#...#.###.##†#*
, ..
.................. *
, , ...
##..#...#..##.##.#
.>..#..........#*, ,
* ...#...#...#..#*,*
, ...........#..## *
* **
..#...#......... *
.#..#....##.#..###,
......†@........#* ,
* ..)............##*
,, ............####
,* #####..|....#
....##### * * ##.#.#
, , ,..#.# * *
####.# *


There were no monsters in sight!


Message History

You take 2 damage, and now have 38/45 hp.
You hit the iguana. The iguana bites you.
You barely miss the iguana. The iguana completely misses you.
You puncture the iguana!
You kill the iguana!
You now have 135 gold pieces (gained 11).
p - a metallic puce potion
a - a +1 vorpal hand crossbow (weapon)
{crossbow} A hobgoblin comes into view.
You shoot a bolt. The bolt hits the hobgoblin!
You kill the hobgoblin!
No target in view!
You now have 148 gold pieces (gained 13).
A goblin comes into view. It is wielding a +0 club.
Found a stone staircase leading down.
The goblin shouts!
You shoot a bolt. The bolt hits the goblin!
You kill the goblin!
No target in view!
An endoplasm comes into view.
You shoot a bolt. The bolt barely misses the endoplasm.
The endoplasm quivers.
You feel a little less mighty now.
A black bear comes into view.
You shoot a bolt. The black bear growls angrily.
The bolt hits the endoplasm.
You shoot a bolt. The bolt hits the endoplasm.
You kill the endoplasm!
You shoot a bolt. The bolt hits the black bear.
You shoot a bolt.
The bolt hits the black bear but does no damage.
You shoot a bolt. The bolt hits the black bear!
Your hands tingle!
b - a +2 short sword of speed (weapon)
{short} You hit the black bear.
The black bear bites you. The black bear misses you.
You block the black bear's attack.
You hit the black bear.
The black bear goes berserk!
a - a +1 vorpal hand crossbow (weapon)
{crossbow} The black bear bites you.
The black bear barely misses you. The black bear claws you. 😮 HP[-6]
You take 6 damage, and now have 32/45 hp.
Shoot: a) +1 hand crossbow (vorpal) {crossbow}
Press: ? - help, Q - select action, (/) - cycle Shift-Dir - straight line, f/p - black bear
Aim: a black bear (severely wounded, berserk, 72% to hit)
You shoot a bolt. The bolt barely misses the black bear.
The black bear bites you. The black bear claws you.
The black bear barely misses you.
Shoot: a) +1 hand crossbow (vorpal) {crossbow}
Press: ? - help, Q - select action, (/) - cycle Shift-Dir - straight line, f/p - black bear
Aim: a black bear (severely wounded, berserk, 72% to hit)
You shoot a bolt. The bolt hits the black bear.
The black bear bites you but does no damage.
The black bear barely misses you.
The black bear claws you but does no damage.
The black bear bites you.
The black bear claws you but does no damage.
You block the black bear's attack. 😮 HP[-1]
You take 1 damage, and now have 31/45 hp.
Shoot: a) +1 hand crossbow (vorpal) {crossbow}
Press: ? - help, Q - select action, (/) - cycle Shift-Dir - straight line, f/p - black bear
Aim: a black bear (almost dead, berserk, 72% to hit)
You shoot a bolt. The bolt hits the black bear.
The black bear bites you! The black bear closely misses you.
The black bear barely misses you. The black bear bites you!
* * * LOW HITPOINT WARNING * * *
The black bear barely misses you. x2 😨 HP[-14]
You take 14 damage, and now have 17/45 hp.
MASSIVE DAMAGE!! (PAUSE) Shoot: a) +1 hand crossbow (vorpal) {crossbow}
Press: ? - help, Q - select action, (/) - cycle Shift-Dir - straight line, f/p - black bear
Aim: a black bear (almost dead, berserk, 72% to hit)
You shoot a bolt. The bolt hits the black bear.
The black bear barely misses you.
The black bear claws you but does no damage.
The black bear claws you. The black bear bites you.
* * * LOW HITPOINT WARNING * * *
You block the black bear's attack. The black bear claws you. 😨 HP[-4]
You take 4 damage, and now have 13/45 hp.
Shoot: a) +1 hand crossbow (vorpal) {crossbow}
Press: ? - help, Q - select action, (/) - cycle Shift-Dir - straight line, f/p - black bear
Aim: a black bear (almost dead, berserk, 72% to hit)
You shoot a bolt. The bolt hits the black bear.
You kill the black bear!
Your Crossbows skill increases to level 8!
You have reached level 6! 😨 HP[+2] MP[+1]
You now have 52 max hp (+7).
You regained 2 hp, and now have 15/52 hp.
Your mp is fully restored (6).
Your magical essence is drained by the effort!
You feel much better. 😮 HP[+22] MP[-1]
You regained 22 hp, and now have 37/52 hp.
Are you sure you want to abandon this character and quit the game? (Confirm with "yes".)

Skill      XL: |  1  2  3  4  5 |
---------------+----------------+-----
Crossbows      | 5 6 7 8 |  8.3
Fighting       | |  1.7
Dodging        | |  2.1
Stealth        | |  1.2

Action                   |  1- 3 |  4- 6 || total
-------------------------+-------+-------++-------
Melee: Short sword       |       |    10 ||    10
 Fire: Hand crossbow     |   102 |    55 ||   157
 Abil: Heal Wounds       |       |     2 ||     2
Evoke: Wand              |       |     2 ||     2
  Use: Scroll            |     6 |     1 ||     7
       Potion            |       |     3 ||     3
Armor: Leather armour    |    10 |    10 ||    20
Dodge: Dodged            |    22 |    15 ||    37
Block: Buckler           |       |     5 ||     5

Levels and vault maps discovered:
D:1:      tarquinn_simple_flora_water_f, layout_loops_cross,
          hangedman_feature_mirror, serial_bayou_lagoon_a,
          minmay_misc_feat_ornament
D:2:      layout_basic, chequers_ecumenical_altar_grove, minmay_quadrilaterals
D:3:      layout_basic, uniq_natasha, uniq_crazy_yiuf_cottage
D:4:      minmay_recursive_quarters, layout_basic,
          nicolae_hepliaklqana_hippocampus, uniq_duvessa

Notes
Turn   | Place    | Note
-------+----------+-------------------------------------------
     0 | D:1      | spaghetti the Deep Dwarf Hunter began the quest for the
                  | Orb.
     0 | D:1      | Reached XP level 1. HP: 19/19 MP: 1/1
     0 | D:1      | magus.rc [v1.9.6]
   250 | D:1      | Reached XP level 2. HP: 24/26 MP: 2/2
   329 | D:1      | Reached skill level 5 in Crossbows
   759 | D:2      | Reached XP level 3. HP: 30/32 MP: 3/3
  1526 | D:2      | Found a faded altar of an unknown god.
  1701 | D:3      | Reached skill level 6 in Crossbows
  1733 | D:3      | Reached XP level 4. HP: 28/39 MP: 4/4
  1908 | D:3      | Noticed Natasha
  1911 | D:3      | Killed Natasha
  1919 | D:3      | Noticed Natasha
  1921 | D:3      | Killed Natasha
  1922 | D:3      | Reached skill level 7 in Crossbows
  1922 | D:3      | Reached XP level 5. HP: 28/45 MP: 5/5
  1966 | D:3      | Noticed Natasha
  1969 | D:3      | Killed Natasha
  2375 | D:3      | You add the spells Ignite Poison, Mephitic Cloud and
                  | Freezing Cloud to your library.
  2558 | D:3      | Found a runed translucent door.
  2559 | D:3      | Noticed Crazy Yiuf
  2566 | D:3      | HP: 9/45 [Crazy Yiuf/+3 quarterstaff of chaos (3)]
  2592 | D:3      | Killed Crazy Yiuf
  2727 | D:4      | Noticed a black bear
  2741 | D:4      | Killed a black bear
  2742 | D:4      | Reached skill level 8 in Crossbows
  2742 | D:4      | Reached XP level 6. HP: 15/52 MP: 6/6
  2743 | D:4      | Quit the game

Vanquished Creatures
  A black bear (D:4)
  Crazy Yiuf (D:3)
  An iguana (D:4)
  Natasha (thrice) (D:3)
  An orc wizard (D:3)
  An adder (D:2)
  A dart slug (D:3)
  8 orcs (D:3)
  9 endoplasms
  2 giant cockroaches
  8 goblins
  5 hobgoblins
  4 jackals (D:1)
  6 ball pythons
  6 bats
  3 frilled lizards
  2 kobolds
  3 rats
65 creatures vanquished.

Vanquished Creatures (others)
  16 plants (D:1)
16 creatures vanquished.

Grand Total: 81 creatures vanquished

Table legend:
 A = Non-vault XP
 B = Vault XP
 C = Vault XP percentage of total XP
 D = Non-vault monster count
 E = Vault monster count
 F = Vault count percentage of total count
                 A         B        C        D         E       F
            +---------+---------+-------+---------+---------+-------
      Total |     381 |      82 |  17.7 |      58 |       7 |  10.8
            +---------+---------+-------+---------+---------+-------
        D:1 |      31 |       0 |   0.0 |      18 |       0 |   0.0
        D:2 |      37 |       7 |  15.9 |      16 |       5 |  23.8
        D:3 |     143 |      75 |  34.4 |      19 |       2 |   9.5
        D:4 |     170 |       0 |   0.0 |       5 |       0 |   0.0
            +---------+---------+-------+---------+---------+-------

Illustrated notes

Table legend:
 A = Kills in this place as a percentage of kills in entire the game.
 B = Kills by you in this place as a percentage of kills by you in the entire game.
 C = Kills by friends in this place as a percentage of kills by friends in the entire game.
 D = Other kills in this place as a percentage of other kills in the entire game.
 E = Experience gained in this place as a percentage of experience gained in the entire game.
 F = Experience gained in this place divided by the number of levels of this place that you have seen.
                   A       B       C       D       E      F
               +-------+-------+-------+-------+-------+----------------------
         Total | 100.0 | 100.0 |   N/A |   N/A | 100.0 | 115.8
       Dungeon | 100.0 | 100.0 |   N/A |   N/A | 100.0 | 115.8
               +-------+-------+-------+-------+-------+----------------------

Table legend: (Time is in decaauts)
 A = Elapsed time spent in this place.
 B = Non-inter-level travel time spent in this place.
 C = Inter-level travel time spent in this place.
 D = Time resting spent in this place.
 E = Time spent auto-exploring this place.
 F = Levels seen in this place.
 G = Mean time per level.
                   A        B        C        D        E       F      G
               +--------+--------+--------+--------+--------+-----+--------+
         Total |   2770 |   2699 |     71 |    107 |   2206 |   4 |  692.5 |
       Dungeon |   2770 |   2699 |     71 |    107 |   2206 |   4 |  692.5 |
               +--------+--------+--------+--------+--------+-----+--------+

Top non-repeatable levels by time:
     D:2: 982 daAuts
     D:3: 945 daAuts
     D:1: 748 daAuts
     D:4: 93 daAuts
